 Dungeon Sprint DCSS version 0.17-a0-1941-gcc30b76 (webtiles) character file.

9400000 GilaZews the Axe Maniac (level 27, -3/249 HPs)
             Began as a Demonspawn Monk on Sept 30, 2015.
             Was the Champion of Makhleb.
             Slain by The Captor
             ... wielding a +9 triple sword of slicing
              (29 damage)
             ... in the Dungeon (Sprint VIII: "Arena of Blood").
             The game lasted 00:07:39 (94 turns).

GilaZews the Axe Maniac (Demonspawn Monk)             Turns: 94, Time: 00:07:39

Health: -3/249     AC: 14    Str: 13    XL:     27
Magic:  33/54      EV: 38    Int: 11    God:    Makhleb [******]
Gold:   0          SH:  0    Dex: 25    Spells: 0 memorised, 80 levels left

rFire  . . .     SeeInvis .     i - +∞ Axe of Woe
rCold  . . .     Clarity  .     a - +0 robe
rNeg   . . .     SustAt   .     (no shield)
rPois  .         Gourm    .     (no helmet)
rElec  .         Spirit   .     (no cloak)
rCorr  .         Warding  .     (gloves unavailable)
rMut   .         NoTele   +     (no boots)
MR     ++...                    (no amulet)
Stlth  +++++++++.               (no ring)
                                (no ring)

@: very resistant to hostile enchantments, incredibly stealthy
A: claws 3, rough black scales 3, powered by death 3, spiny 3, augmentation 3
a: Minor Destruction, Lesser Servant of Makhleb, Major Destruction, Greater
Servant of Makhleb, Renounce Religion


You were in the Dungeon.
You worshipped Makhleb.
Makhleb was exalted by your worship.
You were not hungry.

You visited 1 branch

Inventory:

Hand weapons
 i - the +∞ Axe of Woe (weapon)
   (You found it in the Dungeon)
Armour
 a - a +0 robe (worn)
Scrolls
 h - a scroll of blinking
Potions
 c - a potion of curing
 d - a potion of heal wounds
 e - a potion of haste
 f - 2 potions of magic
 g - a potion of berserk rage
Comestibles
 b - a bread ration


   Skills:
 O Level 27 Fighting
 O Level 27 Axes
 O Level 27 Throwing
 O Level 27 Armour
 O Level 27 Dodging
 O Level 27 Stealth
 O Level 27 Unarmed Combat
 O Level 27 Spellcasting
 O Level 27 Invocations


You had 80 spell levels left.
You didn't know any spells.

Dungeon Overview and Level Annotations

Branches:
Dungeon (1/1)

Altars:
Makhleb

Annotations:
D The Captor, The Servant


Innate Abilities, Weirdness & Mutations

You have claws for hands.
You are completely covered in rough black scales (AC +10, Dex -3).
You regenerate a lot of health from kills.
You are completely covered in sharp spines.
Your magical and physical power is greatly enhanced at high health.


Message History

You hear a shout!
The Captor points at you and mumbles some strange words.
The stream of webbing hits you!
You are caught in a web!
You hear a shout! x2
The bag of meat moves out of view.
You hear a shout!
The bag of meat is struck by your spines.
The bag of meat hits you with a +9 war axe!!
You hear a shout! x3
The bag of meat moves out of view.
The accursed casts a spell at you. Something smites you!
An ogre and a hell beast come into view.
There is a web, spattered with blood here.
Items here: )))))))))))))) ============== ††† You disentangle yourself.
The Captor hits you with a +9 triple sword of slicing!!!!!
Ouch! That really hurt!
* * * LOW HITPOINT WARNING * * *
You die...

.. .. #.. ..#
#.. ..# .###..
..###.
......###o.....
....._.....
#...o.# .
#_.o@_# .
....#.X@oo#....
....X.L_)@oM...
.....X###..Oo..
.###.. ..###.
#.. ..# #. .#
.. .. ..


Oo You could see an accursed, a tyrant, The Servant, 3 large abominations, The
Captor, 2 meat berserkers and 8 bags of meat.

Vanquished Creatures
  5 hell beasts (D)
  2 greater mummies (D)
  4 wraiths (D)
  15 vampire knights (D)
  19 ogres (D)
  4 liches (D)
  25 orcs (D)
  A phantom (D)
  2 skeletal warriors (D)
  3 large abominations (D)
  3 crawling corpses (D)
83 creatures vanquished.

Vanquished Creatures (others)
  An orc (D)
1 creature vanquished.

Grand Total: 84 creatures vanquished

Notes
Turn   | Place    | Note
--------------------------------------------------------------
     0 | D        | GilaZews the Demonspawn Monk began the quest for the Orb.
     0 | D        | Reached XP level 1. HP: 18/18 MP: 1/1
     3 | D        | Noticed a bag of meat
     4 | D        | Noticed a bag of meat
     4 | D        | Became a worshipper of Makhleb the Destroyer
     4 | D        | Acquired Makhleb's first power
     4 | D        | Acquired Makhleb's second power
     6 | D        | Noticed a bag of meat
     9 | D        | Killed a bag of meat
     9 | D        | Reached skill level 14 in Fighting
     9 | D        | Reached skill level 18 in Axes
     9 | D        | Gained mutation: You regenerate a little health from kills. [demonic ancestry]
     9 | D        | Reached XP level 2. HP: 21/43 MP: 2/2
     9 | D        | Gained mutation: You have sharp fingernails. [demonic ancestry]
     9 | D        | Reached XP level 3. HP: 23/49 MP: 3/3
     9 | D        | Gained mutation: You have very sharp fingernails. [demonic ancestry]
     9 | D        | Reached XP level 4. HP: 26/56 MP: 4/4
     9 | D        | Gained mutation: You are partially covered in rough black scales (AC +4, Dex -1). [demonic ancestry]
     9 | D        | Reached XP level 5. HP: 28/62 MP: 5/5
     9 | D        | Gained mutation: You regenerate health from kills. [demonic ancestry]
     9 | D        | Reached XP level 6. HP: 31/69 MP: 6/6
     9 | D        | Gained mutation: You are partially covered in sharp spines. [demonic ancestry]
     9 | D        | Reached XP level 7. HP: 33/75 MP: 7/7
     9 | D        | Gained mutation: You are mostly covered in rough black scales (AC +7, Dex -2). [demonic ancestry]
     9 | D        | Reached XP level 8. HP: 36/82 MP: 8/8
     9 | D        | Gained mutation: You are mostly covered in sharp spines. [demonic ancestry]
     9 | D        | Reached XP level 9. HP: 38/88 MP: 9/9
     9 | D        | Reached XP level 10. HP: 41/95 MP: 10/10
     9 | D        | Reached XP level 11. HP: 43/101 MP: 11/11
    10 | D        | Killed a bag of meat
    10 | D        | Reached skill level 20 in Axes
    10 | D        | Reached skill level 15 in Dodging
    10 | D        | Gained mutation: You have claws for hands. [demonic ancestry]
    10 | D        | Reached XP level 12. HP: 29/113 MP: 12/12
    10 | D        | Noticed a bag of meat
    11 | D        | Noticed a meat berserker
    11 | D        | Killed a bag of meat
    11 | D        | Acquired Makhleb's third power
    11 | D        | Reached skill level 22 in Axes
    11 | D        | Gained mutation: You are completely covered in sharp spines. [demonic ancestry]
    11 | D        | Reached XP level 13. HP: 62/122 MP: 13/13
    12 | D        | Killed a meat berserker
    12 | D        | Reached skill level 24 in Axes
    12 | D        | Gained mutation: Your magical and physical power is slightly enhanced at high health. [demonic ancestry]
    12 | D        | Reached XP level 14. HP: 129/136 MP: 14/14
    17 | D        | Killed a bag of meat
    17 | D        | Acquired Makhleb's fourth power
    17 | D        | Reached skill level 25 in Axes
    17 | D        | Reached XP level 15. HP: 141/144 MP: 15/15
    18 | D        | Noticed a meat berserker
    19 | D        | Noticed a meat berserker
    21 | D        | Noticed a bag of meat
    21 | D        | Noticed a bag of meat
    21 | D        | Noticed a bag of meat
    21 | D        | Noticed a bag of meat
    22 | D        | Noticed a bag of meat
    22 | D        | Noticed a destroyer
    22 | D        | Killed a meat berserker
    22 | D        | Reached skill level 27 in Axes
    22 | D        | Killed a meat berserker
    22 | D        | Reached XP level 16. HP: 150/164 MP: 16/16
    24 | D        | Noticed a bag of meat
    26 | D        | Killed a destroyer
    26 | D        | Acquired Makhleb's fifth power
    26 | D        | Reached skill level 27 in Fighting
    26 | D        | Reached skill level 27 in Dodging
    26 | D        | Reached skill level 10 in Armour
    26 | D        | Reached XP level 17. HP: 170/174 MP: 16/27
    27 | D        | Noticed a meat berserker
    27 | D        | Killed a bag of meat
    28 | D        | Killed a bag of meat
    29 | D        | Killed a bag of meat
    29 | D        | Reached XP level 18. HP: 182/182 MP: 16/34
    30 | D        | Killed a bag of meat
    31 | D        | Noticed a bag of meat
    31 | D        | Killed a meat berserker
    31 | D        | Reached skill level 27 in Invocations
    31 | D        | Killed a bag of meat
    32 | D        | Noticed a destroyer
    32 | D        | Noticed a destroyer
    32 | D        | Noticed a destroyer
    33 | D        | Noticed a bag of meat
    33 | D        | Noticed a destroyer
    33 | D        | Killed a destroyer
    33 | D        | Reached skill level 27 in Armour
    33 | D        | Reached XP level 19. HP: 189/189 MP: 17/36
    33 | D        | Killed a destroyer
    33 | D        | Reached skill level 27 in Stealth
    33 | D        | Gained mutation: You are completely covered in rough black scales (AC +10, Dex -3). [demonic ancestry]
    33 | D        | Reached XP level 20. HP: 197/197 MP: 17/37
    35 | D        | Noticed a meat berserker
    35 | D        | Noticed a meat berserker
    35 | D        | Killed a destroyer
    37 | D        | Noticed a destroyer
    38 | D        | Noticed a destroyer
    38 | D        | Killed a bag of meat
    38 | D        | Reached skill level 15 in Throwing
    38 | D        | Reached skill level 15 in Spellcasting
    38 | D        | Killed a meat berserker
    39 | D        | Noticed a destroyer
    40 | D        | Noticed a bag of meat
    40 | D        | Noticed a destroyer
    40 | D        | Killed a bag of meat
    40 | D        | Gained mutation: Your magical and physical power is enhanced at high health. [demonic ancestry]
    40 | D        | Reached XP level 21. HP: 204/204 MP: 18/44
    40 | D        | Killed a meat berserker
    41 | D        | Noticed a meat berserker
    41 | D        | Killed a destroyer
    41 | D        | Killed a destroyer
    41 | D        | Gained mutation: You regenerate a lot of health from kills. [demonic ancestry]
    41 | D        | Reached XP level 22. HP: 212/212 MP: 19/51
    43 | D        | Noticed a destroyer
    43 | D        | Killed a destroyer
    43 | D        | Reached skill level 27 in Throwing
    43 | D        | Reached skill level 27 in Unarmed Combat
    43 | D        | Reached skill level 27 in Spellcasting
    43 | D        | Killed a destroyer
    43 | D        | Reached XP level 23. HP: 219/219 MP: 19/54
    43 | D        | Killed a meat berserker
    44 | D        | Noticed a bag of meat
    44 | D        | Noticed a destroyer
    45 | D        | Noticed a sculptor of flesh
    45 | D        | Noticed a bag of meat
    45 | D        | Killed a destroyer
    45 | D        | Killed a bag of meat
    47 | D        | Killed a sculptor of flesh
    48 | D        | Killed a bag of meat
    48 | D        | Gained mutation: Your magical and physical power is greatly enhanced at high health. [demonic ancestry]
    48 | D        | Reached XP level 24. HP: 227/227 MP: 20/54
    49 | D        | Killed a bag of meat
    51 | D        | Noticed a destroyer
    51 | D        | Noticed a sculptor of flesh
    52 | D        | Noticed an accursed
    52 | D        | Killed a destroyer
    52 | D        | Killed an accursed
    53 | D        | Noticed a tyrant
    54 | D        | Noticed a destroyer
    56 | D        | Noticed a bag of meat
    56 | D        | Noticed a meat berserker
    56 | D        | Killed a destroyer
    56 | D        | Reached XP level 25. HP: 209/234 MP: 23/54
    58 | D        | Noticed a meat berserker
    58 | D        | Noticed a destroyer
    58 | D        | Killed a bag of meat
    59 | D        | Killed a meat berserker
    59 | D        | Killed a bag of meat
    60 | D        | Noticed a meat beast
    60 | D        | Killed a destroyer
    60 | D        | Reached XP level 26. HP: 242/242 MP: 24/54
    60 | D        | Killed a tyrant
    60 | D        | Killed a destroyer
    62 | D        | Noticed a bag of meat
    62 | D        | Noticed a dread
    62 | D        | Noticed a tyrant
    62 | D        | Noticed a destroyer
    63 | D        | Killed a meat beast
    63 | D        | Reached XP level 27. HP: 249/249 MP: 25/54
    63 | D        | Killed a meat berserker
    64 | D        | Killed a bag of meat
    65 | D        | Noticed a meat berserker
    65 | D        | Noticed a dread
    66 | D        | Noticed a meat berserker
    66 | D        | Noticed a dread
    66 | D        | Noticed a meat berserker
    66 | D        | Killed a dread
    67 | D        | Noticed a bag of meat
    67 | D        | Noticed a bag of meat
    68 | D        | Noticed a bag of meat
    68 | D        | Killed a destroyer
    69 | D        | Noticed a bag of meat
    69 | D        | Noticed a bag of meat
    70 | D        | Noticed a meat berserker
    70 | D        | Killed a meat berserker
    71 | D        | Killed a meat berserker
    71 | D        | Killed a meat berserker
    72 | D        | Killed a bag of meat
    73 | D        | Noticed a meat beast
    73 | D        | Killed a meat beast
    74 | D        | Noticed a meat beast
    75 | D        | Noticed a meat berserker
    75 | D        | Noticed a meat berserker
    75 | D        | Noticed a meat beast
    75 | D        | Killed a meat berserker
    76 | D        | Noticed a bag of meat
    76 | D        | Noticed a bag of meat
    76 | D        | Killed a meat berserker
    76 | D        | Killed a tyrant
    77 | D        | Killed a meat beast
    77 | D        | Killed a bag of meat
    78 | D        | Noticed a bag of meat
    78 | D        | Noticed a tyrant
    78 | D        | Killed a bag of meat
    79 | D        | Noticed a tyrant
    79 | D        | Killed a dread
    79 | D        | Killed a bag of meat
    79 | D        | Noticed a tyrant
    80 | D        | Noticed a meat berserker
    80 | D        | Killed a meat beast
    81 | D        | Noticed a meat beast
    81 | D        | Killed a meat berserker
    81 | D        | Killed a meat berserker
    82 | D        | Noticed a meat berserker
    82 | D        | Noticed a bag of meat
    82 | D        | Noticed an accursed
    82 | D        | Killed a sculptor of flesh
    83 | D        | Noticed a bag of meat
    83 | D        | Killed a tyrant
    84 | D        | Noticed a bag of meat
    84 | D        | Noticed a destroyer
    84 | D        | Noticed a dread
    84 | D        | Killed a meat beast
    84 | D        | Killed a bag of meat
    84 | D        | Killed a bag of meat
    84 | D        | Noticed a bag of meat
    85 | D        | Killed a bag of meat
    86 | D        | Noticed a meat berserker
    86 | D        | Noticed a meat berserker
    86 | D        | Noticed The Captor
    86 | D        | Killed a meat berserker
    87 | D        | Killed a bag of meat
    87 | D        | Killed a bag of meat
    88 | D        | Killed a wretched soul
    88 | D        | Killed a dread
    89 | D        | Noticed a bag of meat
    89 | D        | Noticed a bag of meat
    89 | D        | Noticed a bag of meat
    89 | D        | Noticed The Servant
    89 | D        | Killed a meat berserker
    89 | D        | Killed a dread
    90 | D        | Killed a tyrant
    90 | D        | Killed an accursed
    91 | D        | Noticed a bag of meat
    91 | D        | Noticed an accursed
    91 | D        | Noticed a bag of meat
    91 | D        | Noticed a bag of meat
    92 | D        | Noticed a meat berserker
    92 | D        | Killed a meat berserker
    92 | D        | Killed a destroyer
    93 | D        | Noticed a bag of meat
    93 | D        | Noticed a bag of meat
    93 | D        | Noticed a bag of meat
    94 | D        | Noticed a meat beast
    94 | D        | Noticed a meat berserker
    94 | D        | Slain by The Captor

Vault maps used:
D:        meatsprint

Action                   |  1- 3 |  4- 6 |  7- 9 | 10-12 | 13-15 | 16-18 | 19-21 | 22-24 | 25-27 || total
-------------------------+-------+-------+-------+-------+-------+-------+-------+-------+-------++-------
Melee: Executioner's axe |     1 |       |       |     2 |     3 |     2 |     3 |     3 |    12 ||    26
